Match 23630671
Unlisted

Match 23630671
End
Construct Section Command Post
Vickers Machine Gun Team
Selects Air and Sea Battlegroup
Dingo Light Scout Car
Dingo Light Scout Car
Grenade Package
Infantry Section
Construct Platoon Command Post
Selects Supply Surplus
Unlock M3 Stuart Light Tanks
M3 Stuart Light Tank
Selects Commando Section Paradrop
M3 Stuart Light Tank
M3 Stuart Light Tank
Commando Section Paradrop
Light Vehicle Training
M3 Stuart Light Tank
Unlock Bishop Self-propelled Artillery
Bishop Self-propelled Artillery
Infantry Section
Bishop Self-propelled Artillery
Selects Centaur Medium Tank
Selects Naval Bombardment
6-pounder Anti-tank Gun Team
6-pounder Anti-tank Gun Team
Naval Bombardment
Royal Engineer Section
Centaur Medium Tank
Bishop Self-propelled Artillery
Selects Commando LMG Section Paradrop
Construct Company Command Post
Unlock M3 Grant Medium Tanks
Selects Incendiary Bombing Run
M3 Grant Medium Tank
Royal Engineer Section
Royal Engineer Section
Construct Field Infirmary
M3 Grant Medium Tank
M3 Grant Medium Tank
Armored Vehicle Training
M3 Grant Medium Tank
M3 Grant Medium Tank
Incendiary Bombing Run
在座的各位都是乐色
mongman
iceman
UH|ck
0
0

Comments sign in to comment!

No comments posted yet!